 Dungeon Crawl Stone Soup version 0.30-a0-996-ga6910c8ee8 (webtiles) character file.

Game seed: 8652905778389281768

43 qeuew the Ducker (level 3, -4/28 HPs)
             Began as a Merfolk Gladiator on Apr 4, 2023.
             Killed from afar by Ijyb (9 damage)
             ... with an iceblast
             ... on level 3 of the Dungeon.
             The game lasted 00:01:24 (1145 turns).

qeuew the Ducker (Merfolk Gladiator)                Turns: 1145, Time: 00:01:24

Health: -4/28      AC:  4    Str: 14    XL:     3   Next: 58%
Magic:  3/3        EV: 14    Int:  7    God:
Gold:   34         SH:  0    Dex: 17    Spells: 2/2 levels left

rFire   . . .      SeeInvis .    a - +0 long sword
rCold   . . .      Faith    .    (no shield)
rNeg    . . .      Spirit   .    b - +0 leather armour
rPois   .          Reflect  .    c - +0 helmet
rElec   .          Rampage  .    (no cloak)
rCorr   .                        (no gloves)
Will    .....                    (no boots)
Stlth   +                        (no amulet)
HPRegen 0.24/turn                (no ring)
MPRegen 0.08/turn                (no ring)

@: no status effects
A: (nimble swimmer 2), mertail
a: no special abilities


You were on level 3 of the Dungeon.
You visited 1 branch of the dungeon, and saw 4 of its levels.

You collected 34 gold pieces.

Inventory:

Hand Weapons
 a - a +0 long sword (weapon)
Missiles
 d - 3 throwing nets (quivered)
 e - a javelin
Armour
 b - a +0 leather armour (worn)
 c - a +0 helmet (worn)
Scrolls
 g - a scroll of fog
 h - a scroll of poison {unknown}
Potions
 f - 2 potions of curing
 j - a potion of flight
 k - a potion of might


   Skills:
 + Level 2.5 Fighting
 * Level 4.1 Long Blades
 * Level 2.5 Throwing
 + Level 0.3 Armour
 * Level 4.6 Dodging


You had 2 spell levels left.
You didn't know any spells.
Your spell library was empty.

Dungeon Overview and Level Annotations

Branches:
Dungeon (4/15)
 Temple: D:4-7

Altars:
Fedhas

Annotations:
D:3 Ijyb


Innate Abilities, Weirdness & Mutations

((You are very nimble when in or above water. (Stealth+, EV+, Speed+++)))
Your lower body shifts to a powerful aquatic tail in water.


Message History

You are too injured to fight recklessly!
You are too injured to fight recklessly!
You are too injured to fight recklessly!
You are too injured to fight recklessly!
You are too injured to fight recklessly!
You are too injured to fight recklessly!
You are too injured to fight recklessly!
You are too injured to fight recklessly!
You are too injured to fight recklessly!
You are too injured to fight recklessly!
You are too injured to fight recklessly!
You are too injured to fight recklessly!
You are too injured to fight recklessly!
You are too injured to fight recklessly!
You are too injured to fight recklessly!
You are too injured to fight recklessly!
You are too injured to fight recklessly!
You are too injured to fight recklessly!
Unknown command.
You hit Ijyb.
Ijyb is lightly wounded.
Ijyb hits you with a +0 club.
You hit Ijyb.
Ijyb is lightly wounded.
Ijyb hits you with a +0 club. x2
* * * LOW HITPOINT WARNING * * *
You hit Ijyb but do no damage.
Ijyb is lightly wounded.
Ijyb barely misses you.
You hit Ijyb but do no damage.
Ijyb is lightly wounded.
Ijyb hits you with a +0 club.
* * * LOW HITPOINT WARNING * * *
You slash Ijyb!
Ijyb is heavily wounded.
Ijyb completely misses you.
You hit Ijyb but do no damage.
Ijyb is heavily wounded.
Ijyb zaps a wand.
The mass of ice explodes!
The iceblast engulfs you!
You die...

...≈.≈≈≈.≈.#.##.#
.#.≈.....≈....#.##
...≈.._..≈.......+
.#.≈....§§....#.##
.#.§.≈§≈.≈.#.##.#
.#.§.......####.####
...§≈≈≈≈≈≈.#...)...#
...§..§....#.......#
.###########....@..#
## #....g..# #
#.......# #
#.........# #
#.#........ #
#.#.###.#.## # #.
#.#.# # # ..... #


You could see Ijyb.

Vanquished Creatures
  An orc (D:4)
  2 bats (D:1)
  7 endoplasms
  A giant cockroach (D:1)
  3 goblins (D:1)
  5 jackals (D:1)
  3 kobolds (D:1)
  4 quokkas
  3 ball pythons (D:1)
  2 frilled lizards (D:1)
  7 rats (D:1)
38 creatures vanquished.

Vanquished Creatures (others)
  An orc (D:3)
1 creature vanquished.

Grand Total: 39 creatures vanquished

Notes
Turn   | Place    | Note
-------+----------+-------------------------------------------
     0 | D:1      | qeuew the Merfolk Gladiator began the quest for the Orb.
     0 | D:1      | Reached XP level 1. HP: 16/16 MP: 1/1
   203 | D:1      | Reached XP level 2. HP: 21/22 MP: 2/2
   466 | D:1      | Reached XP level 3. HP: 28/28 MP: 3/3
   893 | D:2      | You fall into a shaft and drop 2 floors!
   986 | D:3      | Found a blossoming altar of Fedhas.
  1133 | D:3      | Noticed Ijyb
  1145 | D:3      | Killed from afar by Ijyb

Illustrated notes

Levels and vault maps discovered:
D:1:      nzn_arrival_water_spiral, layout_basic, minmay_heptomino_h4
D:2:      layout_loops_cross, uniq_jessica, uniq_robin, uniq_natasha
D:3:      layout_loops_corners, tgw_kikubaaqudgha,
          mainiacjoe_overflow_cross_hatched, kennysheep_okawaru_gauntlet,
          shapermc_ecumenical_altar_mp_urbaneastern, kennysheep_small_spiral,
          uniq_ijyb, uniq_sigmund
D:4:      layout_loops_ring, old_standard_altar,
          mainiacjoe_overflow_surrounded_room

Skill      XL: |  1  2 |
---------------+-------+-----
Long Blades    | 4 |  4.1
Fighting       | |  2.5
Throwing       | |  2.5
Armour         | |  0.3
Dodging        | |  4.6

Action                     || total
---------------------------++-------
  Melee: Long sword        ||   110
         Punch             ||     2
    Use: Scroll            ||     5
   Stab: Sleeping          ||     1
 Armour: Leather armour    ||    28
  Dodge: Dodged            ||    88

Table legend: (Time is in decaauts)
 A = Elapsed time spent in this place.
 B = Non-inter-level travel time spent in this place.
 C = Inter-level travel time spent in this place.
 D = Time resting spent in this place.
 E = Time spent auto-exploring this place.
 F = Levels seen in this place.
 G = Mean time per level.
                   A        B        C        D        E       F      G
               +--------+--------+--------+--------+--------+-----+--------+
         Total |   1154 |   1148 |      6 |      0 |    882 |   4 |  288.5 |
       Dungeon |   1154 |   1148 |      6 |      0 |    882 |   4 |  288.5 |
               +--------+--------+--------+--------+--------+-----+--------+

Top non-repeatable levels by time:
     D:1: 894 daAuts
     D:3: 210 daAuts
     D:4: 46 daAuts
     D:2: 2 daAuts
